Workbook
Name jk: #REF!
Name jk: #REF!
Name jk: #REF!
Name jk: #REF!
Name jk: #REF!
Name years_contract: [1]Kerlink!$D$5

Sheet Harga Jual
B1: Asumsi Harga Jual
B2: Tahun | C2: 2014
C3: Harga Jual/antenna/bulan
A4: No | B4: Operator | C4: =C2 -> 2014 | D4: =C4+1 -> 2015 | E4: =D4+1 -> 2016 | F4: =E4+1 -> 2017 | G4: =F4+1 -> 2018
A5: 1 | B5: TSEL
A6: 2 | B6: ISAT
A7: 3 | B7: XL
A8: 4 | B8: HCPT
A9: 5 | B9: FM
A10: 6 | B10: SMARTFREN
A11: 7 | B11: AXIS
A12: 8 | B12: FLEXI
A13: 9 | B13: ESIA

Sheet COST 
B1: Komponen Biaya
B2: Nama Gedung
B3: Alamat
B4: Jenis Gedung
B5: Region
B6: Tanggal diterbitkan IRR
B7: Masa Sewa
B10: CAPEX | C10: 2014
A11: 1 | B11: SITAC
B12: Sewa Lahan
B13: Biaya koordinasi/Operation
B14: Biaya Agensi
A16: 2 | B16: ASSET
B17: NON OPERATOR
B18: DAS & CME
A19: 0.1 | B19: Lain-lain | C19: =A19*C18 -> 0
B21: OPERATOR JOIN/MIGRASI
B22: BTS INDOOR
A23: 1 | B23: TSEL
A24: 2 | B24: ISAT
A25: 3 | B25: XL
A26: 4 | B26: HCPT
A27: 5 | B27: FM
A28: 6 | B28: SMARTFREN
A29: 7 | B29: AXIS
A30: 8 | B30: FLEXI
A31: 9 | B31: ESIA
B33: BTS OUTDOOR
A34: 1 | B34: TSEL
A35: 2 | B35: ISAT
A36: 3 | B36: XL
A37: 4 | B37: HCPT
A38: 5 | B38: FM
A39: 6 | B39: SMARTFREN
A40: 7 | B40: AXIS
A41: 8 | B41: FLEXI
A42: 9 | B42: ESIA
B45: OPEX
A46: I | B46: Listrik
A47: 1 | B47: TSEL
A48: 2 | B48: ISAT
A49: 3 | B49: XL
A50: 4 | B50: HCPT
A51: 5 | B51: FM
A52: 6 | B52: SMARTFREN
A53: 7 | B53: AXIS
A54: 8 | B54: FLEXI
A55: 9 | B55: ESIA
A58: II | B58: Pemeliharaan
B59: a. Rutin
B60: b. Perbaikan
B61: c. Tes jangkauan (Walktest)
A62: 0.1 | B62: d. Lain-lain | C62: =A62*SUM(C59:C60) -> 0

Sheet contoh IRR existing
C1: BUILDING INFORMATION SUMMARY
C2: BUILDING NAME | E2: MEDAN CENTER POINT (REVISI)
C3: TYPE BUILDING | E3: OFFICE
C4: AREA | E4: MEDAN CENTER POINT (REVISI)
C5: STATUS | E5: NEW BUILDING
E6: 41632 | G6: (REVISI)
C7: EXIST. OPERATOR
C8: EXP. DATE
C10: INDEX PARAMETER | J10: TECHNICAL SUMMARY
C11: ITEM | E11: AMOUNT | G11: REMARKS | J11: ITEM | L11: QTY | N11: REMARKS
C12: ELECTRICITY | E12: 2500000 | G12: per month | J12: DAS MOS | L12: =L13+L14 -> 198 | N12: antenna
C13: MAINTENANCE | E13: 0.025 | G13: per year | J13: EXISTING DAS | L13: 0 | N13: antenna
C14: INFLATION | E14: 0.1 | G14: per year | J14: ADD ANTENNA | L14: 198 | N14: antenna
C15: INTEREST | E15: 0.12 | G15: per year | J15: COMBINER | L15: 3 | N15: unit
C17: INDEX PARAMETER OPEX | J17: INDEX PARAMETER CAPEX
C18: ITEM | E18: DESCRIPTION | J18: ITEM | L18: DESCRIPTION | N18: DESCRIPTION
C19: RENT TO BM | E19: 1500000000 | G19: lumpsum 5 Year | J19: DAS | L19: 8000000 | N19: per antenna
C20: RENT TO BM PER OPR | G20: 4 | H20: Opr | J20: COMBINER | L20: =[2]SUM2!$C$54 -> 35000000 | N20: per unit
C21: TOP Yearly (Lumpsum) | G21: per year | J21: COMBINER ROOM | L21: 170000000 | N21: Combiner Room
C22: TOP Termin (Lumpsum) | E22: =E19 -> 1500000000 | G22: Lumpsump | J22: ME Outdoor XL | L22: 50000000 | N22: per unit
C23: Y1 | D23: 0.15 | E23: =E22*D23 -> 225000000 | G23: Y1 | J23: ME Outdoor INTERNUX | L23: 60000000 | N23: per unit
C24: Y2 | D24: 0.85 | E24: =D24*E22 -> 1275000000 | G24: Y2 | J24: ME Outdoor HCPT | L24: 60000000 | N24: per unit
E25: =D25*E22 -> 0 | J25: ME Outdoor TSEL | L25: 67500000 | N25: per unit
C26: BM FEE | E26: 50000000 | G26: lumpsum | J26: ME Outdoor ISAT | L26: =L25 -> 67500000 | N26: per unit
C27: SITAC OUTSOURCE | J27: ME Indoor Flexi | L27: 135000000 | N27: per unit
A29: FALSE | B29: FALSE | C29: OPERATOR JOIN
A30: FALSE | B30: FALSE | C30: OPERATOR | E30: 2013 | F30: 2014
A32: FALSE | B32: FALSE | C32: SMARTFREN | E32: 0 | F32: 0
A33: FALSE | B33: FALSE | C33: TELKOMSEL | E33: 0 | F33: 1
C34: INDOSAT | E34: 0 | F34: 1
C35: XL | E35: 0 | F35: 1
C36: INTERNUX | E36: 0 | F36: 0
C37: HCPT | E37: 0 | F37: 1 | G37: =IF(F37=1,0,1) -> 0
C38: FLEXI | E38: 0 | F38: 0 | G38: =IF(F38=1,0,1) -> 1
C39: ESIA | E39: 0 | F39: 0 | G39: =IF(F39=1,0,1) -> 1
C40: TOTAL OPR JOINT | E40: =E32+E33+E34+E35+E36+E37+E38+E39 -> 0 | F40: =F32+F33+F34+F35+F36+F37+F38+F39 -> 4
C41: ME OUTDOOR | E41: =E33+E35+E36+E37+E39 -> 0 | F41: =F33+F35+F36+F37+F39 -> 3
C42: ME INDOOR | E42: =E32+E34+E38 -> 0 | F42: =F32+F34+F38 -> 1
C44: SELLING PRICE
C45: OPERATOR | E45: per Antenna | G45: per Month | L45: IRR (5Thn) | N45: NFC
C46: SMARTFREN | E46: =G46/L14 -> 0 | J46: =E101 -> 0.2127437 | L46: =H101 -> 0.2127437 | N46: =K98 -> 1.9880102e+09
C47: TELKOMSEL | E47: 151000 | G47: =G48 -> 31274100
C48: INDOSAT | E48: =G48/$L$12 -> 157950 | G48: =G49*0.9 -> 31274100 | I48: *Harga RAN Sharing disc 10% dari XL
C49: XL | E49: 175500 | G49: =E49*L12 -> 34749000
C50: INTERNUX | E50: 0 | G50: =E50*L12 -> 0
C51: HCPT | E51: 169000 | G51: =E51*L12 -> 33462000
C52: FLEXI | E52: 0 | G52: =E52*L12 -> 0
C53: ESIA | E53: =G53/$L$12 -> 0 | G53: 0
C62: CASH FROM OPERATOR JOIN
E63: 2013 | F63: =E63+1 -> 2014 | G63: =F63+1 -> 2015 | H63: =G63+1 -> 2016 | I63: =H63+1 -> 2017 | J63: =I63+1 -> 2018 | K63: TOTAL
C64: SMARTFREN | E64: =IF(E32="1",E46*L14*12*#REF!,0) -> 0 | F64: =IF(F32="1",F46*M14*12*#REF!,0) -> 0 | G64: =IF(G32="1",G46*N14*12*#REF!,0) -> 0 | H64: =IF(H32="1",H46*O14*12*#REF!,0) -> 0 | I64: =IF(I32="1",I46*P14*12*#REF!,0) -> 0 | J64: =IF(J32="1",J46*Q14*12*#REF!,0) -> 0 | K64: =IF(K32="1",K46*R14*12*#REF!,0) -> 0
C65: TELKOMSEL | E65: =IF(E33=0,0,$G$47*12) -> 0 | F65: =IF(E65>1,E65,G48*12) -> 375289200 | G65: =IF(F65>1,F65,G48*12) -> 375289200 | H65: =IF(G65>1,G65,0) -> 375289200 | I65: =H65 -> 375289200 | J65: =IF(COUNT(E65:I65)=5,0,E65) -> 0 | K65: =SUM(E65:J65) -> 1501156800
C66: INDOSAT | E66: =IF(E34=0,0,$G$48*12) -> 0 | F66: =IF(E66>1,E66,G49*12) -> 416988000 | G66: =F66 -> 416988000 | H66: =G66 -> 416988000 | I66: =H66 -> 416988000 | J66: =I66/2 -> 208494000 | K66: =SUM(E66:J66) -> 1876446000
C67: XL | E67: 0 | F67: =G49*12 -> 416988000 | G67: =F67 -> 416988000 | H67: =G67 -> 416988000 | I67: =H67 -> 416988000 | J67: =I67/2 -> 208494000 | K67: =SUM(E67:J67) -> 1876446000
C68: INTERNUX | K68: =SUM(E68:J68) -> 0
C69: HCPT | F69: =G51*12 -> 401544000 | G69: =F69 -> 401544000 | H69: =G69 -> 401544000 | I69: =H69 -> 401544000 | J69: =I69/2 -> 200772000 | K69: =SUM(E69:J69) -> 1806948000
C70: FLEXI | E70: =IF(#REF!=0,0,G52*12) -> #REF! | F70: =(IF(#REF!>0,#REF!,IF(#REF!=0,0,G52*12))) -> #REF! | G70: =F70 -> #REF! | H70: =G70 -> #REF! | I70: =H70 -> #REF! | J70: =IF(#REF!>0,0,IF(#REF!=0,0,G52*12)) -> #REF! | K70: =SUM(E70:J70) -> #REF!
C71: ESIA | E71: =IF(#REF!=0,0,G53*12) -> #REF! | F71: =(IF(#REF!>0,#REF!,IF(#REF!=0,0,G53*12))) -> #REF! | G71: =F71 -> #REF! | H71: =G71 -> #REF! | I71: =H71 -> #REF! | J71: =IF(#REF!>0,0,IF(#REF!=0,0,G53*12)) -> #REF! | K71: =SUM(E71:J71) -> #REF!
C72: TOTAL | E72: =SUM(E64:E69) -> 0 | F72: =SUM(F64:F69) -> 1610809200 | G72: =SUM(G64:G69) -> 1610809200 | H72: =SUM(H64:H69) -> 1610809200 | I72: =SUM(I64:I69) -> 1610809200 | J72: =SUM(J64:J69) -> 617760000 | K72: =SUM(K64:K69) -> 7060996800
C77: CAPEX
C78: PO 229 & 233 | E78: =F78 -> 1143316610 | F78: =2286633220/2 -> 1143316610 | K78: =SUM(E78:J78) -> 2286633220
C79: Additional CAPEX 2013 | F79: 110000000 | K79: =SUM(F79:J79) -> 110000000
C80: TOTAL | E80: =SUM(E78:E79) -> 1143316610 | F80: =SUM(F78:F79) -> 1253316610 | G80: =SUM(G78:G79) -> 0 | H80: =SUM(H78:H79) -> 0 | I80: =SUM(I78:I79) -> 0 | J80: =SUM(J78:J79) -> 0 | K80: =SUM(K78:K79) -> 2396633220
C82: DIRECT OPEX | E82: 2500000 | F82: =E82*1.1 -> 2750000 | G82: =F82*1.1 -> 3025000 | H82: =G82*1.1 -> 3327500 | I82: =H82*1.1 -> 3660250 | J82: =I82*1.1 -> 4026275
C83: ELECTRICITY | E83: =E82*12 -> 30000000 | F83: =F82*12 -> 33000000 | G83: =G82*12 -> 36300000 | H83: =H82*12 -> 39930000 | I83: =I82*12 -> 43923000 | J83: =J82*12 -> 48315300 | K83: =SUM(E83:J83) -> 2.314683e+08
C84: MAINTENANCE | E84: 0 | F84: =E80*2.5% -> 28582915 | G84: =(F84*1.1)+(F80*2.5%) -> 62774122 | H84: =(G84*1.1)+(G80*2.5%) -> 69051534 | I84: =(H84*1.1)+(H80*2.5%) -> 75956688 | J84: =(I84*1.1)+(I80*2.5%) -> 83552356 | K84: =SUM(E84:J84) -> 3.1991762e+08
C85: TOTAL | E85: =SUM(E83:E84) -> 30000000 | F85: =SUM(F83:F84) -> 61582915 | G85: =SUM(G83:G84) -> 99074122 | H85: =SUM(H83:H84) -> 1.0898153e+08 | I85: =SUM(I83:I84) -> 1.1987969e+08 | J85: =SUM(J83:J84) -> 1.3186766e+08 | K85: =SUM(K83:K84) -> 5.5138592e+08
C87: OPEX
C88: RENT TO BM (L) | E88: =E23 -> 225000000 | F88: =E24 -> 1275000000 | K88: =SUM(E88:G88) -> 1500000000
C89: RENT TO BM (YEARLY) | K89: =SUM(E89:G89) -> 0
C90: BM FEE'S | E90: =E26 -> 50000000 | K90: =SUM(E90:G90) -> 50000000
C91: SITAC OUTSOURCE | K91: =SUM(E91:G91) -> 0
C92: TOTAL | E92: =SUM(E88:E91) -> 275000000 | F92: =SUM(F88:F91) -> 1275000000 | G92: =SUM(G88:G91) -> 0 | H92: =SUM(H88:H91) -> 0 | I92: =SUM(I88:I91) -> 0 | J92: =SUM(J88:J91) -> 0 | K92: =SUM(K88:K91) -> 1550000000
C94: CASH FLOW PROJECTION
C95: NET CASH FLOW B/TAX | E95: =E72-E80-E85-E92 -> -1448316610 | F95: =F72-F80-F85-F92 -> -9.7909033e+08 | G95: =G72-G80-G85-G92 -> 1.5117351e+09 | H95: =H72-H80-H85-H92 -> 1.5018277e+09 | I95: =I72-I80-I85-I92 -> 1.4909295e+09 | J95: =J72-J80-J85-J92 -> 4.8589234e+08 | K95: =SUM(E95:J95) -> 2.5629777e+09
C96: ACCUMULATE | E96: =E95 -> -1448316610 | F96: =E96+F95 -> -2.4274069e+09 | G96: =F96+G95 -> -9.1567186e+08 | H96: =G96+H95 -> 5.8615581e+08 | I96: =H96+I95 -> 2.0770853e+09 | J96: =I96+J95 -> 2.5629777e+09
C97: INTEREST 12% | E97: =E96*12% -> -1.7379799e+08 | F97: =F96*12% -> -2.9128883e+08 | G97: =G96*12% -> -1.0988062e+08 | K97: =SUM(E97:J97) -> -5.7496745e+08
C98: NET CASH FLOW | E98: =E95+E97 -> -1.6221146e+09 | F98: =F95+F97 -> -1.2703792e+09 | G98: =G95+G97 -> 1.4018545e+09 | H98: =H95+H97 -> 1.5018277e+09 | I98: =I95+I97 -> 1.4909295e+09 | J98: =J95+J97 -> 4.8589234e+08 | K98: =SUM(E98:J98) -> 1.9880102e+09
C100: DISC RATE (5 THN) | E100: IRR (Semester) | H100: IRR (5Thn) | I100: NFC
C101: 0.15 | E101: =IRR(E98:J98,C101) -> 0.2127437 | H101: =IRR(E98:J98,D101) -> 0.2127437 | I101: =SUM(E98:J98) -> 1.9880102e+09
C103: CHECKED BY | E103: PREPARED BY
C107: MICHAEL H | E107: ANANDA S | G107: KELLY P | I107: STEVEN P | K107: DANIEL S
C108: FINANCE | E108: COMMERCIAL
E110: REQUESTED BY | G110: APPROVED BY
E114: META SR | G114: LELY KWIK | I114: MAKMUR DJAURY
E115: HEAD COMMERCIAL | G115: COO | I115: PRESIDEN DIREKTUR

Sheet Commercial
A1: MASTER DATA
A2: HARGA JUAL
A3: 2014
B5: No | C5: Operator | D5: Jumlah Antena Min | E5: Jumlah Antena Max | F5: Size | G5: S/M/L | H5: 2014 | I5: =H5+1 -> 2015 | J5: =I5+1 -> 2016 | K5: =J5+1 -> 2017 | L5: =K5+1 -> 2018 | M5: =L5+1 -> 2019
B6: 1 | C6: TSEL | D6: 50 | E6: 100 | F6: Small | G6: S
B7: 2 | C7: ISAT | D7: 50 | E7: 100 | F7: Small | G7: S
B8: 3 | C8: XL | D8: 50 | E8: 100 | F8: Small | G8: S
B9: 4 | C9: HCPT | D9: 50 | E9: 100 | F9: Small | G9: S
B10: 5 | C10: FM | D10: 50 | E10: 100 | F10: Small | G10: S
B11: 6 | C11: SMARTFREN | D11: 50 | E11: 100 | F11: Small | G11: S
B12: 7 | C12: AXIS | D12: 50 | E12: 100 | F12: Small | G12: S
B13: 8 | C13: FLEXI | D13: 50 | E13: 100 | F13: Small | G13: S
B14: 9 | C14: ESIA | D14: 50 | E14: 100 | F14: Small | G14: S
B15: 1 | C15: TSEL | D15: 101 | E15: 200 | F15: Medium | G15: M
B16: 2 | C16: ISAT | D16: 101 | E16: 200 | F16: Medium | G16: M
B17: 3 | C17: XL | D17: 101 | E17: 200 | F17: Medium | G17: M
... B23: 9 | C23: ESIA | D23: 101 | E23: 200 | F23: Medium | G23: M
B24: 1 | C24: TSEL | D24: >200 | F24: Large | G24: L
B25: 2 | C25: ISAT | D25: >200 | F25: Large | G25: L
B26: 3 | C26: XL | D26: >200 | F26: Large | G26: L
B27: 4 | C27: HCPT | D27: >200 | F27: Large | G27: L
B28: 5 | C28: FM | D28: >200 | F28: Large | G28: L
B29: 6 | C29: SMARTFREN | D29: >200 | F29: Large | G29: L
B30: 7 | C30: AXIS | D30: >200 | F30: Large | G30: L
B31: 8 | C31: FLEXI | D31: >200 | F31: Large | G31: L
B32: 9 | C32: ESIA | D32: >200 | F32: Large | G32: L

Sheet Summary
B2: No. | C2: 0020/IRR/IBC/VII/2024 | N2: BWOJ MALANG
C3: Product : | D3: IBS / DAS | J3: Tanggal P&L: | M3: 45495
C4: Status P&L | D4: New
B6: Site Information | E6: Technical Information | J6: Financial Summary
B7: Site Name | D7: HOTEL BWOJ Malang | E7: IBC | K7: Capex DAS | M7: 8.03134e+08 | P7: k
B8: Address | E8: Antena PKS BM | H8: 92 | K8: Capex /antenna | M8: =M7/H9 -> 8729717.4
E9: Antena Asset | H9: 92 | K9: Contract Period (thn) | M9: 1
B10: Area building | E10: Jumlah Pole Makro | H10: 0 | K10: Interest rate /year | M10: =[3]IRR!F3 -> 0.1
B11: Type of building | D11: HOTEL | E11: OPENET | K11: Total Revenue | M11: =IRR!Q17 -> 750000000
B12: Status | D12: Renewal | E12: Cable FO (Core) | H12: 0 | K12: Total Capex BV | M12: =IRR!G9 -> 4.9543393e+08
B13: Total floor | E13: Cable FO (meter) | H13: 0 | K13: Total Opex Sewa | M13: =IRR!Q20 -> 150000000
B14: No of building tower | E14: Drop Wire (meter) | H14: 0 | K14: Total Opex Other | M14: =IRR!Q21+IRR!Q22+IRR!Q23 -> 112500000
B15: Sitac Tahun
E16: OTHERS | K16: IRR | M16: =IRR!F38 -> -0.061073005
K17: NPV | M17: =IRR!F39 -> -1.42602e+08
K18: EBITDA margin | M18: =IRR!F40 -> 0.65
K19: Payback (year) | M19: =IRR!F41 -> 0
B21: Target Achieved by Commercial: | L21: Prepared by
B22: Revenue | D22: IRR Diasumsikan 5thn dengan nilai XL dan sewa gedung tdk berubah | L22: Citra Kartika
D23: IRR Negatif Karena nilai BV yg masih besar diasumsikan sbg investasi
B28: Approved by

Sheet IRR
B1: No, | C1: 0020/IRR/IBC/VII/2024 | Q1: BWOJ MALANG
B2: General | I2: Operator join | J2: Rev.Change
C3: Tax Rate | E3: 0.02
C4: Interest Rate | E4: 0.1
C5: SG&A | E5: 0.05 | F5: from Revenues | J5: -
C6: BHPUSO | E6: 0 | F6: from Revenues | J6: -
G8: Y1 | H8: Y2 | I8: Y3 | J8: Y4 | K8: Y5 | L8: Y6 | M8: Y7 | N8: Y8 | O8: Y9 | P8: Y10
B9: Total CAPEX | E9: DAS | G9: 4.9543393e+08 | H9: 0 | I9: 0 | J9: 0
E10: BTS
G11: 2024 | H11: =G11+1 -> 2025 | I11: =H11+1 -> 2026 | J11: =I11+1 -> 2027 | K11: =J11+1 -> 2028 | L11: =K11+1 -> 2029 | M11: =L11+1 -> 2030 | N11: =M11+1 -> 2031 | O11: =N11+1 -> 2032 | P11: =O11+1 -> 2033
B12: IRR Calculation | F12: Year 0 | G12: Year 1 | H12: Year 2 | I12: Year 3 | J12: Year 4 | K12: Year 5 | L12: Year 6 | M12: Year 7 | N12: Year 8 | O12: Year 9 | P12: Year 10 | Q12: Total
B13: Months of Service | G13: 12 | H13: 12 | I13: 12 | J13: 12 | K13: 12
B15: Revenues
C16: XL | G16: 150000000 | H16: =G16 -> 150000000 | I16: =H16 -> 150000000 | J16: =I16 -> 150000000 | K16: =J16 -> 150000000 | Q16: =SUM(G16:K16) -> 750000000
B17: Total Revenues (SF) | G17: =SUM(G16:G16) -> 150000000 | H17: =SUM(H16:H16) -> 150000000 | I17: =SUM(I16:I16) -> 150000000 | J17: =SUM(J16:J16) -> 150000000 | K17: =SUM(K16:K16) -> 150000000 | Q17: =SUM(G17:K17) -> 750000000
B19: OPEX
C20: Lease to BM | G20: 30000000 | H20: 30000000 | I20: 30000000 | J20: 30000000 | K20: 30000000 | Q20: =SUM(G20:K20) -> 150000000
C21: Electricity | Q21: =SUM(G21:K21) -> 0
C22: Maintenance | G22: 15000000 | H22: =G22 -> 15000000 | I22: =H22 -> 15000000 | J22: =I22 -> 15000000 | K22: =J22 -> 15000000 | Q22: =SUM(G22:K22) -> 75000000
C23: SG&A | G23: =G17*$E$5 -> 7500000 | H23: =H17*$E$5 -> 7500000 | I23: =I17*$E$5 -> 7500000 | J23: =J17*$E$5 -> 7500000 | K23: =K17*$E$5 -> 7500000 | Q23: =SUM(G23:K23) -> 37500000
B24: Total OPEX | G24: =SUM(G20:G23) -> 52500000 | H24: =SUM(H20:H23) -> 52500000 | I24: =SUM(I20:I23) -> 52500000 | J24: =SUM(J20:J23) -> 52500000 | K24: =SUM(K20:K23) -> 52500000 | Q24: =SUM(Q20:Q23) -> 262500000
B25: Total EBITDA | G25: =G17-G24 -> 97500000 | H25: =H17-H24 -> 97500000 | I25: =I17-I24 -> 97500000 | J25: =J17-J24 -> 97500000 | K25: =K17-K24 -> 97500000 | Q25: =Q17-Q24 -> 487500000
B26: Ebitda margin | G26: 0 | H26: =H25/H17 -> 0.65 | I26: =I25/I17 -> 0.65 | J26: =J25/J17 -> 0.65 | K26: =K25/K17 -> 0.65 | Q26: =Q25/Q17 -> 0.65
B27: Depreciation Expense | G27: =G49 -> 99086787 | H27: =H49 -> 99086787 | I27: =I49 -> 99086787 | J27: =J49 -> 99086787 | K27: =K49 -> 99086787 | Q27: =SUM(G27:K27) -> 4.9543393e+08
B28: Total EBIT | G28: =G25-G27 -> -1586787 | H28: =H25-H27 -> -1586787 | I28: =I25-I27 -> -1586787 | J28: =J25-J27 -> -1586787 | K28: =K25-K27 -> -1586787 | Q28: =Q25-Q27 -> -7933934.8
B29: Interest Expense | G29: =Parameter!G16 -> 32401172 | H29: =Parameter!H16 -> 15912203 | I29: =Parameter!I16 -> 4754002.3 | J29: =Parameter!J16 -> 2518810 | K29: =Parameter!K16 -> 1525286 | Q29: =SUM(G29:K29) -> 57111473
B30: EBT | G30: =G28-G29 -> -33987958 | H30: =H28-H29 -> -17498990 | I30: =I28-I29 -> -6340789.3 | J30: =J28-J29 -> -4105597 | K30: =K28-K29 -> -3112073 | Q30: =SUM(G30:K30) -> -65045408
B31: Tax Expense | G31: =IF(G30<0,0,G30*$E$3) -> 0 | H31: =IF(H30<0,0,H30*$E$3) -> 0 | I31: =IF(I30<0,0,I30*$E$3) -> 0 | J31: =IF(J30<0,0,J30*$E$3) -> 0 | K31: =IF(K30<0,0,K30*$E$3) -> 0 | Q31: =SUM(G31:K31) -> 0
B32: Net Income | G32: =G30-G31 -> -33987958 | H32: =H30-H31 -> -17498990 | I32: =I30-I31 -> -6340789.3 | J32: =J30-J31 -> -4105597 | K32: =K30-K31 -> -3112073 | Q32: =Q28-Q31 -> -7933934.8
B34: Capex | G34: =-G9+-G10 -> -4.9543393e+08 | H34: =-I9+-I10 -> 0 | I34: =-J9+-J10 -> 0 | J34: =-K9+-K10 -> 0 | K34: =-Q9+-Q10 -> 0
B35: FCFF | G35: =G34+G32+G27 -> -4.3033511e+08 | H35: =H34+H32+H27 -> 81587797 | I35: =I34+I32+I27 -> 92745998 | J35: =J34+J32+J27 -> 94981190 | K35: =K34+K32+K27 -> 95974714 | Q35: =SUM(F35:K35) -> -65045408
B36: Accumulated FCF | G36: =F36+G35 -> -4.3033511e+08 | H36: =G36+H35 -> -3.4874731e+08 | I36: =H36+I35 -> -2.5600131e+08 | J36: =I36+J35 -> -1.6102012e+08 | K36: =J36+K35 -> -65045408
B37: PBP | G37: =IF(AND(F36<0,G36>0),G42-(G36/G35),0) -> 0 | H37: =IF(AND(G36<0,H36>0),H42-(H36/H35),0) -> 0 | I37: =IF(AND(H36<0,I36>0),I42-(I36/I35),0) -> 0 | J37: =IF(AND(I36<0,J36>0),J42-(J36/J35),0) -> 0 | K37: =IF(AND(J36<0,K36>0),K42-(K36/K35),0) -> 0
B38: IRR | F38: =IRR(G35:K35) -> -0.061073005
B39: NPV | F39: =NPV(E4,H35:K35)+G35 -> -1.42602e+08
B40: EBITDA margin | F40: =Q26 -> 0.65
B41: Payback | F41: =SUM(F37:K37) -> 0
G42: 1 | H42: 2 | I42: 3 | J42: 4 | K42: 5
B43: Depreciation Calculation | E43: no of Year depreciated | G43: =G12 -> Year 1 | H43: =H12 -> Year 2 | I43: =I12 -> Year 3 | J43: =J12 -> Year 4 | K43: =K12 -> Year 5
D44: Year 1 | E44: 5 | G44: =SUM(G9:G10)/$E44 -> 99086787 | H44: =G44 -> 99086787 | I44: =H44 -> 99086787 | J44: =I44 -> 99086787 | K44: =J44 -> 99086787
D45: Year 3 | E45: 4 | H45: =I$10/$E45 -> 0 | J45: =H45 -> 0 | K45: =J45 -> 0
D46: Year 4 | E46: 3 | I46: =J$9/$E46 -> 0 | K46: =I46 -> 0
D47: Year 5 | E47: 2
D48: Year 6 | E48: 1
B49: Total Depreciation | G49: =SUM(G44:G47) -> 99086787 | H49: =SUM(H44:H47) -> 99086787 | I49: =SUM(I44:I47) -> 99086787 | J49: =SUM(J44:J47) -> 99086787 | K49: =SUM(K44:K47) -> 99086787
E53: 2018 | F53: =E53+1 -> 2019 | G53: =F53+1 -> 2020 | H53: =G53+1 -> 2021 | I53: =H53+1 -> 2022 | J53: =I53+1 -> 2023 | L53: =I53+1 -> 2023 | M53: =L53+1 -> 2024 | N53: =M53+1 -> 2025 | O53: =N53+1 -> 2026 | P53: =O53+1 -> 2027
D54: OM | E54: 1438621 | F54: 21657733 | G54: 17262134 | H54: 13000000 | I54: 14875000 | J54: 14260000

Sheet Summary BR
C1: SUMMARY REVIEW
A3: Nama Site | C3: : Hotel Best Western OJ Malang
A4: Nama Pemilik | C4: : PT. Griya Mapan Sejahtera
A5: Alamat Pemilik | C5: : Jl. DR.Cipto No.11 Malang
A6: Telp | C6: : 02341-368888
A7: Obyek Sewa | C7: : 92 Omni + Unit Pole Antenna + RBS m²
A9: No. | B9: Keterangan | C9: Existing | D9: Renewal | F9: BEST WESTERN OJ MALANG | U9: BEST WESTERN OJ MALANG
F10: Periode | G10: Start | H10: End | U10: Periode | V10: Start | W10: End
A11: 1 | B11: Scope Of Lease | C11: IBC | D11: IBC | F11: Rev XL | G11: 43616 | H11: 45442 | N11: 2020 | O11: 2021 | P11: 2022 | Q11: 2023 | R11: 2024 | U11: Rev XL | V11: 45444 | W11: 46538
A12: 2 | B12: Obyek Sewa | C12: =C7 -> : 92 Omni + Unit Pole Antenna + RBS m² | D12: =C7 -> : 92 Omni + Unit Pole Antenna + RBS m² | F12: Sewa BM | G12: 44152 | H12: 45442 | O12: 31 | P12: 31 | Q12: 31 | R12: 31 | U12: Sewa BM | V12: 45444 | W12: 45808
A13: 3 | B13: Periode Sewa | C13: 17 November 2015 s/d 16 November 2020 (5 tahun) | D13: 17 November 2020 s/d 16 November 2025 (5 tahun) | O13: 28 | P13: 28 | Q13: 28 | R13: 29
A14: 4 | B14: Harga Sewa | C14: Rp.500.000.000/ 5 Tahun | D14: Rp. 200.000.000/ 5 Tahun (for XL only) | F14: Jika Sewa BM diperpanjang sampai akhir masa XL, maka: | O14: 31 | P14: 31 | Q14: 31 | R14: 31 | U14: Jika Sewa BM diperpanjang sampai akhir masa XL, maka:
A15: 6 | B15: Operator Join | C15: Smartfren | D15: Smartfren | F15: Rev XL 17Nov20 sd 30Mei24 | G15: 150000000 | H15: =G15/365*1291 -> 5.3054795e+08 | O15: 30 | P15: 30 | Q15: 30 | R15: 30 | U15: Rev XL 17Nov20 sd 30Mei24 | V15: 150000000 | W15: =V15/365*1291 -> 5.3054795e+08
C16: XL (31 Mei 2019 s/d 30 Mei 2024) | D16: XL (31 Mei 2019 s/d 30 Mei 2024) | F16: Sewa 17Nov20 sd 30Mei24 | G16: =200000000/5 -> 40000000 | H16: =-G16/365*1291 -> -1.4147945e+08 | O16: 31 | P16: 31 | Q16: 31 | R16: 30 | U16: Sewa 17Nov20 sd 30Mei24 | V16: =200000000/5 -> 40000000 | W16: =-V16/365*1291 -> -1.4147945e+08
A17: 7 | B17: Kenaikan/ Penurunan Harga | C17: Mengalami Penurunan Harga Sebesar 60% | F17: OM 17Nov20 sd 30Mei24 | G17: 32880000 | H17: =-G17/365*1291 -> -1.1629611e+08 | O17: 30 | P17: 30 | Q17: 30 | U17: OM 17Nov20 sd 30Mei24 | V17: 32880000 | W17: =-V17/365*1291 -> -1.1629611e+08
F18: Capex Migrasi XL | G18: =110166832 -> 110166832 | H18: =-G18 -> -110166832 | U18: Capex Migrasi XL | V18: =110166832 -> 110166832 | W18: =-V18 -> -110166832
F19: Buffer Add Capex for pole | G19: include di PO Migrasi 2unit | O19: 31 | P19: 31 | Q19: 31 | U19: Buffer Add Capex for pole | V19: include di PO Migrasi 2unit
C20: SUMMARY REVIEW | F20: Profit | H20: =SUM(H15:H19) -> 1.6260555e+08 | O20: 31 | P20: 31 | Q20: 31 | U20: Profit | W20: =SUM(W15:W19) -> 1.6260555e+08
F21: IRR 9thn | H21: Negatif | O21: 30 | P21: 30 | Q21: 30 | U21: IRR 9thn | W21: Negatif
A22: Nama Site | C22: : Hotel Best Western OJ Malang | F22: Cash Flow 9thn | H22: =#REF! -> #REF! | O22: 31 | P22: 31 | Q22: 31 | U22: Cash Flow 9thn | W22: =#REF! -> #REF!
A23: Nama Pemilik | C23: : PT. Griya Mapan Sejahtera | F23: IRR 3thn Cutt Loss | H23: 0.09 | N23: 14 | O23: 30 | P23: 30 | Q23: 30 | U23: IRR 3thn Cutt Loss | W23: 0.09
A24: Alamat Pemilik | C24: : Jl. DR.Cipto No.11 Malang | F24: Cash Flow 3thn Cut Loss | H24: =#REF! -> #REF! | N24: 31 | O24: 31 | P24: 31 | Q24: 31 | U24: Cash Flow 3thn Cut Loss | W24: =#REF! -> #REF!
A25: Telp | C25: : 02341-368888 | N25: =SUM(N12:N24) -> 45 | O25: =SUM(O12:O24) -> 365 | P25: =SUM(P12:P24) -> 365 | Q25: =SUM(Q12:Q24) -> 365 | R25: =SUM(R12:R24) -> 151
A26: Obyek Sewa | C26: : 92 Omni + Unit Pole Antenna + RBS m² | F26: Jika Sewa BM diperpanjang sampai akhir masa XL, maka: | R26: =SUM(N25:R25) -> 1291 | U26: Jika Sewa BM diperpanjang sampai akhir masa XL, maka:
F27: Rev XL 17Nov20 sd 30Mei24 | G27: 150000000 | H27: =G27/365*R26 -> 5.3054795e+08 | U27: Rev XL 17Nov20 sd 30Mei24 | V27: 150000000 | W27: =V27/365*AG26 -> 0
A28: No. | B28: Keterangan | C28: Existing | D28: Renewal | F28: Sewa 17Nov20 sd 30Mei24 | G28: =200000000/5 -> 40000000 | H28: =-G28/365*R26 -> -1.4147945e+08 | U28: Sewa 17Nov20 sd 30Mei24 | V28: =200000000/5 -> 40000000 | W28: =-V28/365*AG26 -> 0
F29: OM 17Nov20 sd 30Mei24 | G29: 32880000 | H29: =-G29/365*R26 -> -1.1629611e+08 | U29: OM 17Nov20 sd 30Mei24 | V29: 32880000 | W29: =-V29/365*AG26 -> 0
A30: 1 | B30: Scope Of Lease | C30: IBC | D30: IBC | F30: Capex Migrasi XL | G30: =110166832 -> 110166832 | H30: =-G30 -> -110166832 | U30: Capex Migrasi XL | V30: =110166832 -> 110166832 | W30: =-V30 -> -110166832
A31: 2 | B31: Obyek Sewa | C31: =C26 -> : 92 Omni + Unit Pole Antenna + RBS m² | D31: =C26 -> : 92 Omni + Unit Pole Antenna + RBS m² | F31: Buffer Add Capex for pole | G31: include di PO Migrasi 2unit | U31: Buffer Add Capex for pole | V31: include di PO Migrasi 2unit
A32: 3 | B32: Periode Sewa | C32: 17 November 2020 s/d 30 May 2024 (3th 6bl 14h) | D32: 31May2024 s/d 30May 2025 (1 tahun) | F32: Profit | H32: =SUM(H27:H31) -> 1.6260555e+08 | U32: Profit | W32: =SUM(W27:W31) -> -110166832
A33: 4 | B33: Harga Sewa | C33: Rp.40.000.000/ th or 141.479.452 semasa sewa | D33: Rp. 30.000.000/ Tahun (for XL only) | F33: IRR 9thn | H33: Negatif | U33: IRR 9thn | W33: Negatif
A34: 6 | B34: Operator Join | C34: Smartfren | D34: Smartfren | F34: Cash Flow 9thn | H34: =#REF! -> #REF! | U34: Cash Flow 9thn | W34: =#REF! -> #REF!
C35: XL (31 Mei 2019 s/d 30 Mei 2024) | D35: XL (31 Mei 2024 s/d 30 Mei 2027) | F35: IRR 3thn Cutt Loss | H35: 0.09 | U35: IRR 3thn Cutt Loss | W35: 0.09
A36: 7 | B36: Kenaikan/ Penurunan Harga | C36: Mengalami Penurunan Harga Sebesar 25% | F36: Cash Flow 3thn Cut Loss | H36: =#REF! -> #REF! | U36: Cash Flow 3thn Cut Loss | W36: =#REF! -> #REF!

Sheet Parameter
A1: PERHITUNGAN INTEREST EXPENSE based CAPEX
A2: Capex tahun | B2: 5 | C2: 2020 | D2: =C2+1 -> 2021 | E2: =D2+1 -> 2022 | F2: =E2+1 -> 2023 | G2: =F2+1 -> 2024 | H2: =G2+1 -> 2025 | I2: =H2+1 -> 2026 | J2: =I2+1 -> 2027 | K2: =J2+1 -> 2028 | ... M2: =L2+1 -> 2030
A3: 2020 | B3: loan | C3: 8.03134e+08 | D3: =C3-C4 -> 6.425072e+08 | E3: =D3-C4 -> 4.818804e+08 | F3: =E3-C4 -> 3.212536e+08 | G3: =F3-C4 -> 1.606268e+08 | H3: =G3-C4 -> 0 | I3: =H3-$E$4 -> 0 | J3: =I3-$E$4 -> 0 | N3: 2013 | O3: 1.7266708e+09
B4: Installment/thn | C4: =C3/B2 -> 1.606268e+08 | N4: 2014 | O4: 422342499
B5: Interest | C5: =(C3*IRR!$E$4*6)/12 -> 40156700 | D5: =AVERAGE(C3:D3)*IRR!$E$4 -> 72282060 | E5: =AVERAGE(D3:E3)*IRR!$E$4 -> 56219380 | F5: =AVERAGE(E3:F3)*IRR!$E$4 -> 40156700 | G5: =AVERAGE(F3:G3)*IRR!$E$4 -> 24094020 | H5: =AVERAGE(G3:H3)*IRR!$E$4 -> 8031340 | I5: =AVERAGE($H$3:$I$3)*[4]IRR!$G$4 -> 0 | J5: =AVERAGE($I$3:$J$3)*[4]IRR!$G$4 -> 0 | N5: 2016 | O5: 10773000
A6: 2021 | B6: loan | D6: 110166832 | E6: =D6-D7 -> 88133466 | F6: =E6-D7 -> 66100099 | G6: =F6-D7 -> 44066733 | H6: =G6-D7 -> 22033366 | I6: =H6-D7 -> 0 | N6: 2017 | O6: 102210600
B7: Installment/thn | D7: =D6/B2 -> 22033366
B8: Interest | D8: =(D6*IRR!$E$4*6)/12 -> 5508341.6 | E8: =AVERAGE(D6:E6)*IRR!$E$4 -> 9915014.9 | F8: =AVERAGE(E6:F6)*IRR!$E$4 -> 7711678.2 | G8: =AVERAGE(F6:G6)*IRR!$E$4 -> 5508341.6 | H8: =AVERAGE(G6:H6)*IRR!$E$4 -> 3305005 | I8: =AVERAGE(H6:I6)*IRR!$E$4 -> 1101668.3
A9: 2023 | B9: loan | F9: 3500000 | G9: =F9-F10 -> 2800000 | H9: =G9-F10 -> 2100000 | I9: =H9-F10 -> 1400000 | J9: =I9-F10 -> 700000 | K9: =J9-F10 -> 0
B10: Installment/thn | F10: =F9/B2 -> 700000
B11: Interest | F11: =(F9*IRR!$E$4*6)/12 -> 175000 | G11: =AVERAGE(F9:G9)*IRR!$E$4 -> 315000 | H11: =(H9*IRR!$E$4*6)/12 -> 105000 | I11: =AVERAGE(H9:I9)*IRR!$E$4 -> 175000 | J11: =(J9*IRR!$E$4*6)/12 -> 35000 | K11: =AVERAGE(J9:K9)*IRR!$E$4 -> 35000
A12: 2024 | B12: loan | G12: 49676200 | H12: =G12-G13 -> 39740960 | I12: =H12-G13 -> 29805720 | J12: =I12-G13 -> 19870480 | K12: =J12-G13 -> 9935240 | L12: =K12-G13 -> 0
B13: Installment/thn | G13: =G12/B2 -> 9935240
B14: Interest | G14: =(G12*IRR!$E$4*6)/12 -> 2483810 | H14: =AVERAGE(G12:H12)*IRR!$E$4 -> 4470858 | I14: =AVERAGE(H12:I12)*IRR!$E$4 -> 3477334 | J14: =AVERAGE(I12:J12)*IRR!$E$4 -> 2483810 | K14: =AVERAGE(J12:K12)*IRR!$E$4 -> 1490286 | L14: =AVERAGE(K12:L12)*IRR!$E$4 -> 496762
B16: Interest Exp | C16: =C5+C8+C11+C14 -> 40156700 | D16: =D5+D8+D11+D14 -> 77790401 | E16: =E5+E8+E11+E14 -> 66134395 | F16: =F5+F8+F11+F14 -> 48043378 | G16: =G5+G8+G11+G14 -> 32401172 | H16: =H5+H8+H11+H14 -> 15912203 | I16: =I5+I8+I11+I14 -> 4754002.3 | J16: =J5+J8+J11+J14 -> 2518810 | ... M16: =M5+M8+M11+M14 -> 0
A19: PERHITUNGAN SG&A
A20: Untuk IBC | B20: Start tahun pertama | C20: 50000000
A21: Untuk Opennet | B21: Start tahun pertama | C21: 20000000
A22: Untuk IBC Ext | B22: tiap tahun = Rev x 5%
A23: Untuk Opennet Ext | B23: tiap tahun = Rev x 5%
A25: SG&A | B25: =C20 -> 50000000 | C25: =B25+C26 -> 51000000 | D25: =C25+D27 -> 52020000 | E25: =D25+E27 -> 53060400 | F25: =E25+F27 -> 54121608 | G25: =F25+G27 -> 55204040 | H25: =G25+H27 -> 56308121 | I25: =H25+I27 -> 57434283 | J25: =I25+J27 -> 58582969 | K25: =J25+K27 -> 59754628
A26: 0.02 | C26: =C27 -> 1000000 | D26: =C26+D27 -> 2020000 | E26: =D26+E27 -> 3060400 | F26: =E26+F27 -> 4121608 | G26: =F26+G27 -> 5204040.2 | H26: =G26+H27 -> 6308121 | I26: =H26+I27 -> 7434283.4 | J26: =I26+J27 -> 8582969.1 | K26: =J26+K27 -> 9754628.4
C27: =B25*$A$26 -> 1000000 | D27: =C25*$A$26 -> 1020000 | E27: =D25*$A$26 -> 1040400 | F27: =E25*$A$26 -> 1061208 | G27: =F25*$A$26 -> 1082432.2 | H27: =G25*$A$26 -> 1104080.8 | I27: =H25*$A$26 -> 1126162.4 | J27: =I25*$A$26 -> 1148685.7 | K27: =J25*$A$26 -> 1171659.4
A30: PERHITUNGAN MAINTENANCE (PM,CM,WT)
A31: PM by Vendor
A32: CM by Vendor/Inhouse
A33: WT by Inhouse
A34: WT New by Vendor/Operator
A35: MAINTENANCE = (PM + CM + WT New + WT by Inhouse )
A37: PM | B37: PM/Year/Site | D37: CM | E37: CM /Year/Oprt | G37: WT New by Vendor/Operator | J37: Pesawat | K37: Tiket PP
A38: Sulut | B38: 16800000 | D38: All | E38: 7000000 | G38: Jawa/Bali | H38: 10000000 | J38: Sulut | K38: 4000000
A39: Makasar | G39: Pekanbaru | H39: 12000000 | J39: Makasar | K39: 3000000
A40: Bali | B40: 15600000 | G40: Sumut | H40: 14000000 | J40: Bali | K40: 2500000
A41: Jatim | B41: 15000000 | G41: Sulsel | H41: 14000000 | J41: Jatim | K41: 2000000
A42: Jateng | B42: 15000000 | G42: Sulut | H42: 17000000 | J42: Jateng | K42: 1850000
A43: Jabar | B43: 12000000 | G43: Kalimantan | H43: 14000000 | J43: Jabar | K43: 1200000
A44: Kalimantan | B44: 16800000 | J44: Kalimantan | K44: 2000000
A45: Sumatera | B45: 15720000 | J45: Sumatera | K45: 3500000
A46: Palembang | J46: Palembang | K46: 2800000
A47: Jabodetabek | B47: 0
A50: WT by Inhouse | B50: Keterangan | C50: Nilai | D50: Diisikan | E50: person | F50: trip | G50: kamar | H50: Days by Omni | I50: Biaya walktest inhouse/visit | J50: Biaya walktest inhouse/thn
E51: 1 | F51: 1 | G51: 1 | H51: 92
A52: Transport | B52: Pesawat | C52: 2000000 | D52: person | E52: =E51 -> 1 | I52: =E52*C52 -> 2000000
B53: Bandara | C53: 600000 | D53: person | E53: =E51 -> 1 | H53: =IF($H$51<=120,2,IF($H$51>220,4,3)) -> 2 | I53: =C53*E53 -> 600000
B54: Transport | C54: 200000 | D54: Trip | F54: =F51 -> 1 | I54: =F54*C54 -> 200000
A55: Hotel | B55: Hotel | C55: 450000 | D55: kamar | E55: =E51 -> 1 | G55: =G51 -> 1 | H55: =IF($H$51<=120,2,IF($H$51>220,4,3)) -> 2 | I55: =G55*C55*H55 -> 900000
A56: Uang Saku | B56: Uang Saku | C56: 120000 | D56: person | E56: =E51 -> 1 | H56: =IF($H$51<=120,2,IF($H$51>220,4,3)) -> 2 | I56: =H56*C56*E56 -> 240000
I57: =SUM(I52:I56) -> 3940000 | J57: =I57*2 -> 7880000 | K57: 2X Visit | L57: =J57+E38+B41 -> 29880000
J58: =I57*4 -> 15760000 | K58: 4X Visit
A62: LISTRIK
A64: LISTRIK
A65: Listrik/Oprt/year DAS+1Pole 3sektor
A66: 0-100 | B66: 36000000
A67: 101-200 | B67: 42000000
A68: 201- | B68: 48000000
A70: Listrik/Oprt/year DAS+2Pole 6sektor
A71: 0-200 | B71: 75000000
A72: 201- | B72: 95000000
A75: CAPEX CME
A77: Additional CME BTS indoor + Pole | C77: 150000000
A78: Additional CME BTS Indoor + 2 Pole | C78: 200000000
A79: Additional CME BTS Outdoor + 1 Pole | C79: 85000000
A80: Additional CME BTS Outdoor + 2 Pole | C80: 150000000
A81: Additional CME 1Pole | C81: 50000000

Sheet New IRR
B2: INTERNAL RATE OF RETURN (IRR) | P2: No IRR : | Q2: 01/IRR/02/2014
B5: Nama Bangunan | E5: : | F5: sumarecon bekasi mall | N5: Jumlah Lantai : | O5: 3
B6: Alamat | E6: : | F6: jl. Bekasi raya | BB6: TSEL | BC6: ISAT | BD6: XL | BE6: HCPT | BF6: FM | BG6: SMARTFREN | BH6: AXIS | BI6: FLEXI | BJ6: ESIA
B7: Lokasi Bangunan | E7: : | F7: Jabodetabek | AC7: Lokasi Bangunan | AD7: Type Bangunan | AE7: Status | AF7: Tanggal | AG7: Bulan | AH7: Tahun | AI7: Status IRR | AJ7: Operator Join | AK7: Masa Sewa | AL7: persentase | AM7: persentase pembayran | AQ7: No | AR7: Operator | AS7: =J10 -> 2014 | AT7: =AS7+1 -> 2015 | AU7: =AT7+1 -> 2016 | AV7: =AU7+1 -> 2017 | AW7: =AV7+1 -> 2018 | AX7: =AW7+1 -> 2019
B8: Type Bangunan | E8: : | F8: Mall | J8: =VLOOKUP(Q16,BA8:BK757,11,FALSE) -> L | K8: Masa Sewa : | M8: 5 | N8: Tahun | AC8: Jabodetabek | AD8: Mall | AE8: Bangunan Baru | AF8: 1 | AG8: Januari | AH8: 2014 | AI8: Baru | AQ8: 1 | AR8: TSEL | AS8: =E21*$Q$16*E33*60 -> 1798200000 | AT8: =F21*$Q$16*F33*60 -> 0 | AU8: =G21*$Q$16*G33*60 -> 0 | AV8: =H21*$Q$16*H33*60 -> 0 | AW8: =I21*$Q$16*I33*60 -> 0 | AX8: =J21*$Q$16*J33*60 -> 0 | BA8: 1 | BB8: N/A | BC8: 270000 | BD8: 300000 | BE8: 180000 | BF8: 270000 | BK8: S
B9: Status | E9: : | F9: Bangunan Baru | AC9: Jawa Tengah | AD9: Hotel | AE9: Bangunan Lama | AF9: 2 | AG9: Februari | AH9: 2015 | AI9: Revisi I | AJ9: 1 | AK9: 1 | AL9: 0.05 | AM9: 0.05 | AQ9: 2 | AR9: ISAT | AS9: =E22*$Q$16*E34*60 -> 1678320000 | AT9: =F22*$Q$16*F34*60 -> 0 | AU9: =G22*$Q$16*G34*60 -> 0 | AV9: =H22*$Q$16*H34*60 -> 0 | AW9: =I22*$Q$16*I34*60 -> 0 | AX9: =J22*$Q$16*J34*60 -> 0 | BA9: 2 | BB9: N/A | BC9: 270000 | BD9: 300000 | BE9: 180000 | BF9: 270000 | BK9: S
B10: Tanggal | E10: : | F10: 20 | G10: Februari | J10: 2014 | AC10: Jawa Timur | AD10: Apartemen | AF10: 3 | AG10: Maret | AH10: 2016 | AI10: Revisi II | AK10: 3 | AL10: 0.1 | AM10: 0.1 | AQ10: 3 | AR10: XL | AS10: =E23*$Q$16*E35*60 -> 0 | AT10: =F23*$Q$16*F35*60 -> 1864800000 | AU10: =G23*$Q$16*G35*60 -> 0 | AV10: =H23*$Q$16*H35*60 -> 0 | AW10: =I23*$Q$16*I35*60 -> 0 | AX10: =J23*$Q$16*J35*60 -> 0 | BA10: 3 | BB10: N/A | BC10: 270000 | BD10: 300000 | BE10: 180000 | BF10: 270000 | BK10: S
B11: Status IRR | E11: : | F11: Revisi I | AC11: Jawa Barat | AD11: Perkantoran | AF11: 4 | AG11: April | AH11: 2017 | AI11: Revisi III | AK11: 5 | AM11: 0.15 | AQ11: 4 | AR11: HCPT | AS11: =E24*$Q$16*E36*60 -> 0 | AT11: =F24*$Q$16*F36*60 -> 0 | AU11: =G24*$Q$16*G36*60 -> 0 | AV11: =H24*$Q$16*H36*60 -> 0 | AW11: =I24*$Q$16*I36*60 -> 0 | AX11: =J24*$Q$16*J36*60 -> 0 | BA11: 4 | BB11: N/A | BC11: 270000 | BD11: 300000 | BE11: 180000 | BF11: 270000 | BK11: S
L12: SUMMARY | AC12: Kalimantan | AD12: Universitas | AF12: 5 | AG12: Mei | AH12: 2018 | AK12: 10 | AM12: 0.2 | AQ12: 5 | AR12: FM | AS12: =E25*$Q$16*E37*60 -> 0 | AT12: =F25*$Q$16*F37*60 -> 0 | AU12: =G25*$Q$16*G37*60 -> 0 | AV12: =H25*$Q$16*H37*60 -> 0 | AW12: =I25*$Q$16*I37*60 -> 0 | AX12: =J25*$Q$16*J37*60 -> 0 | BA12: 5 | BB12: N/A | BC12: 270000 | BD12: 300000 | BE12: 180000 | BF12: 270000 | BK12: S
B13: Parameter umum | AC13: Sumatra | AD13: Rumah Sakit | AF13: 6 | AG13: Juni | AH13: 2019 | AM13: 0.25 | AQ13: 6 | AR13: SMARTFREN | AS13: =E26*$Q$16*E38*60 -> 0 | AT13: =F26*$Q$16*F38*60 -> 0 | AU13: =G26*$Q$16*G38*60 -> 0 | AV13: =H26*$Q$16*H38*60 -> 0 | AW13: =I26*$Q$16*I38*60 -> 0 | AX13: =J26*$Q$16*J38*60 -> 0 | BA13: 6 | BB13: N/A | BC13: 270000 | BD13: 300000 | BE13: 180000 | BF13: 270000 | BK13: S
B14: Inflasi | E14: : | F14: 0.055 | G14: /tahun | AC14: Sulawesi | AD14: Sekolah | AF14: 7 | AG14: Juli | AH14: 2020 | AM14: 0.3 | AQ14: 7 | AR14: AXIS | AS14: =E27*$Q$16*E39*60 -> 0 | AT14: =F27*$Q$16*F39*60 -> 0 | AU14: =G27*$Q$16*G39*60 -> 0 | AV14: =H27*$Q$16*H39*60 -> 0 | AW14: =I27*$Q$16*I39*60 -> 0 | AX14: =J27*$Q$16*J39*60 -> 0 | BA14: 7 | BB14: N/A | BC14: 270000 | BD14: 300000 | BE14: 180000 | BF14: 270000 | BK14: S
B15: Discount Rate | E15: : | F15: 0.15 | M15: Perkiraan Umum | AC15: Bali/Lombok | AD15: Bandara | AF15: 8 | AG15: Agustus | AH15: 2021 | AM15: 0.35 | AQ15: 8 | AR15: FLEXI | AS15: =E28*$Q$16*E40*60 -> 0 | AT15: =F28*$Q$16*F40*60 -> 0 | AU15: =G28*$Q$16*G40*60 -> 0 | AV15: =H28*$Q$16*H40*60 -> 0 | AW15: =I28*$Q$16*I40*60 -> 0 | AX15: =J28*$Q$16*J40*60 -> 0 | BA15: 8 | BB15: N/A | BC15: 270000 | BD15: 300000 | BE15: 180000 | BF15: 270000 | BK15: S
B16: tingkat bunga | E16: : | F16: 0.125 | G16: /tahun | M16: Jumlah Antena | P16: : | Q16: 222 | R16: Antena | AC16: Ind Bg Tim | AD16: Pasar | AF16: 9 | AG16: September | AH16: 2022 | AM16: 0.4 | AQ16: 9 | AR16: ESIA | AS16: =E29*$Q$16*E41*60 -> 0 | AT16: =F29*$Q$16*F41*60 -> 0 | AU16: =G29*$Q$16*G41*60 -> 0 | AV16: =H29*$Q$16*H41*60 -> 0 | AW16: =I29*$Q$16*I41*60 -> 0 | AX16: =J29*$Q$16*J41*60 -> 0 | BA16: 9 | BB16: N/A | BC16: 270000 | BD16: 300000 | BE16: 180000 | BF16: 270000 | BK16: S
B17: Kurs | E17: : | F17: 12500 | G17: / USD 1 | M17: Jumlah Combiner | P17: : | Q17: 3 | R17: Unit | AF17: 10 | AG17: Oktober | AH17: 2023 | AM17: 0.45 | BA17: 10 | BB17: N/A | BC17: 270000 | BD17: 300000 | BE17: 180000 | BF17: 270000 | BK17: S
AF18: 11 | AG18: November | AH18: 2024 | AM18: 0.5 | AQ18: No | AR18: Operator | AS18: =AS7 -> 2014 | AT18: =AS18+1 -> 2015 | AU18: =AT18+1 -> 2016 | AV18: =AU18+1 -> 2017 | AW18: =AV18+1 -> 2018 | AX18: =AW18+1 -> 2019 | BA18: 11 | BB18: N/A | BC18: 270000 | BD18: 300000 | BE18: 180000 | BF18: 270000 | BK18: S
B19: Parameter Harga Jual/antena/bulan | M19: Pendapatan dari operator | P19: : | Q19: =K55 -> 6036624000 | AF19: 12 | AG19: Desember | AH19: 2025 | AM19: 0.55 | AQ19: 1 | AR19: TSEL | AS19: =IF(AS8>1,AS8/5,0) -> 359640000 | AT19: =IF(AS19>1,AS19,AT8/5) -> 359640000 | AU19: =IF(AT19>1,AT19,AU8/5) -> 359640000 | AV19: =IF(AU19>1,AU19,AV8/5) -> 359640000 | AW19: =IF(AV19>1,AV19,AW8/5) -> 359640000 | AX19: =IF(AW19>1,AW19,AX8/5) -> 359640000 | BA19: 12 | BB19: N/A | BC19: 270000 | BD19: 300000 | BE19: 180000 | BF19: 270000 | BK19: S
C20: No | D20: Operator | E20: =J10 -> 2014 | F20: =E20+1 -> 2015 | G20: =F20+1 -> 2016 | H20: =G20+1 -> 2017 | I20: =H20+1 -> 2018 | J20: =I20+1 -> 2019 | M20: Pembelian Aset Tetap | P20: : | Q20: =-K61-K62 -> -885000000 | AF20: 13 | AM20: 0.6 | AQ20: 2 | AR20: ISAT | AS20: =IF(AS9>1,AS9/5,0) -> 335664000 | AT20: =IF(AS20>1,AS20,AT9/5) -> 335664000 | AU20: =IF(AT20>1,AT20,AU9/5) -> 335664000 | AV20: =IF(AU20>1,AU20,AV9/5) -> 335664000 | AW20: =IF(AV20>1,AV20,AW9/5) -> 335664000 | AX20: =IF(AW20>1,AW20,AX9/5) -> 335664000 | BA20: 13 | BB20: N/A | BC20: 270000 | BD20: 300000 | BE20: 180000 | BF20: 270000 | BK20: S
C21: 1 | D21: TSEL | E21: =VLOOKUP($Q$16,$BA$8:$BJ$757,2,FALSE) -> 135000 | F21: =E21 -> 135000 | G21: =F21 -> 135000 | H21: =G21 -> 135000 | I21: =H21 -> 135000 | J21: =I21 -> 135000 | M21: Biaya Sewa | P21: : | Q21: =-K58-K59-K60 -> #REF! | AF21: 14 | AM21: 0.65 | AQ21: 3 | AR21: XL | AS21: =IF(AS10>1,AS10/5,0) -> 0 | AT21: =IF(AS21>1,AS21,AT10/5) -> 372960000 | AU21: =IF(AT21>1,AT21,AU10/5) -> 372960000 | AV21: =IF(AU21>1,AU21,AV10/5) -> 372960000 | AW21: =IF(AV21>1,AV21,AW10/5) -> 372960000 | AX21: =IF(AW21>1,AW21,AX10/5) -> 372960000 | BA21: 14 | BB21: N/A | BC21: 270000 | BD21: 300000 | BE21: 180000 | BF21: 270000 | BK21: S
C22: 2 | D22: ISAT | E22: =VLOOKUP($Q$16,$BA$8:$BJ$757,3,FALSE) -> 126000 | F22: =E22 -> 126000 | G22: =F22 -> 126000 | H22: =G22 -> 126000 | I22: =H22 -> 126000 | J22: =I22 -> 126000 | M22: Biaya Operasional | P22: : | Q22: =-K63-K64-K65 -> -625500000 | AF22: 15 | AM22: 0.7 | AQ22: 4 | AR22: HCPT | AS22: =IF(AS11>1,AS11/5,0) -> 0 | AT22: =IF(AS22>1,AS22,AT11/5) -> 0 | AU22: =IF(AT22>1,AT22,AU11/5) -> 0 | AV22: =IF(AU22>1,AU22,AV11/5) -> 0 | AW22: =IF(AV22>1,AV22,AW11/5) -> 0 | AX22: =IF(AW22>1,AW22,AX11/5) -> 0 | BA22: 15 | BB22: N/A | BC22: 270000 | BD22: 300000 | BE22: 180000 | BF22: 270000 | BK22: S
C23: 3 | D23: XL | E23: =VLOOKUP($Q$16,$BA$8:$BJ$757,4,FALSE) -> 140000 | F23: =E23 -> 140000 | G23: =F23 -> 140000 | H23: =G23 -> 140000 | I23: =H23 -> 140000 | J23: =I23 -> 140000 | M23: Biaya Bunga | P23: : | Q23: =K72 -> #REF! | AF23: 16 | AM23: 0.75 | AQ23: 5 | AR23: FM | AS23: =IF(AS12>1,AS12/5,0) -> 0 | AT23: =IF(AS23>1,AS23,AT12/5) -> 0 | AU23: =IF(AT23>1,AT23,AU12/5) -> 0 | AV23: =IF(AU23>1,AU23,AV12/5) -> 0 | AW23: =IF(AV23>1,AV23,AW12/5) -> 0 | AX23: =IF(AW23>1,AW23,AX12/5) -> 0 | BA23: 16 | BB23: N/A | BC23: 270000 | BD23: 300000 | BE23: 180000 | BF23: 270000 | BK23: S
C24: 4 | D24: HCPT | E24: =IF(K24=BA759,BE759,VLOOKUP($Q$16,$BA$8:$BJ$757,5,FALSE)) -> 130000 | F24: =E24 -> 130000 | G24: =F24 -> 130000 | H24: =G24 -> 130000 | I24: =H24 -> 130000 | J24: =I24 -> 130000 | N24: Arus Kas Bersih (dalam 6 tahun) | Q24: =SUM(Q19:Q23) -> #REF! | AF24: 17 | AM24: 0.8 | AQ24: 6 | AR24: SMARTFREN | AS24: =IF(AS13>1,AS13/5,0) -> 0 | AT24: =IF(AS24>1,AS24,AT13/5) -> 0 | AU24: =IF(AT24>1,AT24,AU13/5) -> 0 | AV24: =IF(AU24>1,AU24,AV13/5) -> 0 | AW24: =IF(AV24>1,AV24,AW13/5) -> 0 | AX24: =IF(AW24>1,AW24,AX13/5) -> 0 | BA24: 17 | BB24: N/A | BC24: 270000 | BD24: 300000 | BE24: 180000 | BF24: 270000 | BK24: S
C25: 5 | D25: FM | E25: =IF(K25=BA759,BF759,VLOOKUP($Q$16,$BA$8:$BJ$757,6,FALSE)) -> 126000 | F25: =E25 -> 126000 | G25: =F25 -> 126000 | H25: =G25 -> 126000 | I25: =H25 -> 126000 | J25: =I25 -> 126000 | AF25: 18 | AM25: 0.85 | AQ25: 7 | AR25: AXIS | AS25: =IF(AS14>1,AS14/5,0) -> 0 | AT25: =IF(AS25>1,AS25,AT14/5) -> 0 | AU25: =IF(AT25>1,AT25,AU14/5) -> 0 | AV25: =IF(AU25>1,AU25,AV14/5) -> 0 | AW25: =IF(AV25>1,AV25,AW14/5) -> 0 | AX25: =IF(AW25>1,AW25,AX14/5) -> 0 | BA25: 18 | BB25: N/A | BC25: 270000 | BD25: 300000 | BE25: 180000 | BF25: 270000 | BK25: S
C26: 6 | D26: SMARTFREN | E26: =VLOOKUP($Q$16,$BA$8:$BJ$757,7,FALSE) -> 0 | F26: =E26 -> 0 | G26: =F26 -> 0 | H26: =G26 -> 0 | I26: =H26 -> 0 | J26: =I26 -> 0 | M26: NPV | P26: : | Q26: =NPV(F15,E73:J73) -> #REF! | AF26: 19 | AM26: 0.9 | AQ26: 8 | AR26: FLEXI | AS26: =IF(AS15>1,AS15/5,0) -> 0 | AT26: =IF(AS26>1,AS26,AT15/5) -> 0 | AU26: =IF(AT26>1,AT26,AU15/5) -> 0 | AV26: =IF(AU26>1,AU26,AV15/5) -> 0 | AW26: =IF(AV26>1,AV26,AW15/5) -> 0 | AX26: =IF(AW26>1,AW26,AX15/5) -> 0 | BA26: 19 | BB26: N/A | BC26: 270000 | BD26: 300000 | BE26: 180000 | BF26: 270000 | BK26: S
C27: 7 | D27: AXIS | E27: =VLOOKUP($Q$16,$BA$8:$BJ$757,8,FALSE) -> 0 | F27: =E27 -> 0 | G27: =F27 -> 0 | H27: =G27 -> 0 | I27: =H27 -> 0 | J27: =I27 -> 0 | M27: IRR | P27: : | Q27: =N68 -> #VALUE! | AF27: 20 | AM27: 0.95 | AQ27: 9 | AR27: ESIA | AS27: =IF(AS16>1,AS16/5,0) -> 0 | AT27: =IF(AS27>1,AS27,AT16/5) -> 0 | AU27: =IF(AT27>1,AT27,AU16/5) -> 0 | AV27: =IF(AU27>1,AU27,AV16/5) -> 0 | AW27: =IF(AV27>1,AV27,AW16/5) -> 0 | AX27: =IF(AW27>1,AW27,AX16/5) -> 0 | BA27: 20 | BB27: N/A | BC27: 270000 | BD27: 300000 | BE27: 180000 | BF27: 270000 | BK27: S
C28: 8 | D28: FLEXI | E28: =VLOOKUP($Q$16,$BA$8:$BJ$757,9,FALSE) -> 0 | F28: =E28 -> 0 | G28: =F28 -> 0 | H28: =G28 -> 0 | I28: =H28 -> 0 | J28: =I28 -> 0 | L28: =MATCH(TRUE,E74:J74,0) -> #N/A | M28: Payback periode | P28: : | Q28: =(L28-OFFSET(E73,0,L28)/OFFSET(E67,0,L28))*12 -> #N/A | R28: Bulan | AF28: 21 | AM28: 1 | BA28: 21 | BB28: N/A | BC28: 270000 | BD28: 300000 | BE28: 180000 | BF28: 270000 | BK28: S
C29: 9 | D29: ESIA | E29: =VLOOKUP($Q$16,$BA$8:$BJ$757,10,FALSE) -> 0 | F29: =E29 -> 0 | G29: =F29 -> 0 | H29: =G29 -> 0 | I29: =H29 -> 0 | J29: =I29 -> 0 | AF29: 22 | BA29: 22 | BB29: N/A | BC29: 270000 | BD29: 300000 | BE29: 180000 | BF29: 270000 | BK29: S
AF30: 23 | BA30: 23 | BB30: N/A | BC30: 270000 | BD30: 300000 | BE30: 180000 | BF30: 270000 | BK30: S
B31: Operator Join | AF31: 24 | BA31: 24 | BB31: N/A | BC31: 270000 | BD31: 300000 | BE31: 180000 | BF31: 270000 | BK31: S
C32: No | D32: Operator | E32: =E20 -> 2014 | F32: =E32+1 -> 2015 | G32: =F32+1 -> 2016 | H32: =G32+1 -> 2017 | I32: =H32+1 -> 2018 | J32: =I32+1 -> 2019 | M32: Parameter Harga untuk OPEX | Q32: Parameter Harga untuk CAPEX | AF32: 25 | BA32: 25 | BB32: N/A | BC32: 270000 | BD32: 300000 | BE32: 180000 | BF32: 270000 | BK32: S
B33: =SUM(E33:J33) -> 1 | C33: 1 | D33: TSEL | E33: 1 | K33: =IF(B33>1,"Salah","Benar") -> Benar | M33: 1 | N33: Listrik | O33: Jumlah | Q33: No | R33: Keterangan | S33: =E20 -> 2014 | T33: Keterangan | AF33: 26 | BA33: 26 | BB33: N/A | BC33: 270000 | BD33: 300000 | BE33: 180000 | BF33: 270000 | BK33: S
B34: =SUM(E34:J34) -> 1 | C34: 2 | D34: ISAT | E34: 1 | K34: =IF(B34>1,"Salah","Benar") -> Benar | N34: - TSEL | O34: 30000000 | P34: per Tahun | Q34: 1 | R34: SITAC | AF34: 27 | BA34: 27 | BB34: N/A | BC34: 270000 | BD34: 300000 | BE34: 180000 | BF34: 270000 | BK34: S
B35: =SUM(E35:J35) -> 1 | C35: 3 | D35: XL | F35: 1 | K35: =IF(B35>1,"Salah","Benar") -> Benar | N35: - ISAT | O35: 30000000 | P35: per Tahun | Q35: =J8&F8&F7 -> LMallJabodetabek | R35: - Sewa Lahan | S35: =VLOOKUP(Q35,#REF!,2,FALSE) -> #REF! | T35: per tahun | AF35: 28 | BA35: 28 | BB35: N/A | BC35: 270000 | BD35: 300000 | BE35: 180000 | BF35: 270000 | BK35: S
B36: =SUM(E36:J36) -> 0 | C36: 4 | D36: HCPT | K36: =IF(B36>1,"Salah","Benar") -> Benar | N36: - XL | O36: 30000000 | P36: per Tahun | R36: - Biaya Koordinasi | S36: 50000000 | T36: per bangunan | AF36: 29 | BA36: 29 | BB36: N/A | BC36: 270000 | BD36: 300000 | BE36: 180000 | BF36: 270000 | BK36: S
B37: =SUM(E37:J37) -> 0 | C37: 5 | D37: FM | K37: =IF(B37>1,"Salah","Benar") -> Benar | N37: - HCPT | O37: 30000000 | P37: per Tahun | R37: - Biaya Agensi | T37: per bangunan | AF37: 30 | BA37: 30 | BB37: N/A | BC37: 270000 | BD37: 300000 | BE37: 180000 | BF37: 270000 | BK37: S
B38: =SUM(E38:J38) -> 0 | C38: 6 | D38: SMARTFREN | K38: =IF(B38>1,"Salah","Benar") -> Benar | N38: - FM | P38: per Tahun | AF38: 31 | BA38: 31 | BB38: N/A | BC38: 270000 | BD38: 300000 | BE38: 180000 | BF38: 270000 | BK38: S
B39: =SUM(E39:J39) -> 0 | C39: 7 | D39: AXIS | K39: =IF(B39>1,"Salah","Benar") -> Benar | N39: - SMARTFREN | P39: per Tahun | Q39: 2 | R39: ASSET (non Op) | BA39: 32 | BB39: N/A | BC39: 270000 | BD39: 300000 | BE39: 180000 | BF39: 270000 | BK39: S
B40: =SUM(E40:J40) -> 0 | C40: 8 | D40: FLEXI | K40: =IF(B40>1,"Salah","Benar") -> Benar | N40: - AXIS | P40: per Tahun | R40: - DAS (all in) | S40: 700000000 | T40: Sesuai BOQ | BA40: 33 | BB40: N/A | BC40: 270000 | BD40: 300000 | BE40: 180000 | BF40: 270000 | BK40: S
B41: =SUM(E41:J41) -> 0 | C41: 9 | D41: ESIA | K41: =IF(B41>1,"Salah","Benar") -> Benar | N41: - FLEXI | P41: per Tahun | BA41: 34 | BB41: N/A | BC41: 270000 | BD41: 300000 | BE41: 180000 | BF41: 270000 | BK41: S
N42: - ESIA | P42: per Tahun | BA42: 35 | BB42: N/A | BC42: 270000 | BD42: 300000 | BE42: 180000 | BF42: 270000 | BK42: S
Q43: 3 | R43: BTS Operator | S43: Indoor | T43: Outdoor | BA43: 36 | BB43: N/A | BC43: 270000 | BD43: 300000 | BE43: 180000 | BF43: 270000 | BK43: S
B44: Kas masuk dari operator | M44: 2 | N44: Pemeliharaan | R44: - TSEL | S44: =S45 -> 67500000 | BA44: 37 | BB44: N/A | BC44: 270000 | BD44: 300000 | BE44: 180000 | BF44: 270000 | BK44: S
C45: No | D45: Operator | E45: =E32 -> 2014 | F45: =E45+1 -> 2015 | G45: =F45+1 -> 2016 | H45: =G45+1 -> 2017 | I45: =H45+1 -> 2018 | J45: =I45+1 -> 2019 | K45: TOTAL | N45: - Rutin | O45: =S40*2.5% -> 17500000 | P45: per Tahun | R45: - ISAT | S45: 67500000 | BA45: 38 | BB45: N/A | BC45: 270000 | BD45: 300000 | BE45: 180000 | BF45: 270000 | BK45: S
C46: 1 | D46: TSEL | E46: =AS19 -> 359640000 | F46: =AT19 -> 359640000 | G46: =AU19 -> 359640000 | H46: =AV19 -> 359640000 | I46: =AW19 -> 359640000 | J46: =AX19 -> 359640000 | K46: =SUM(E46:J46) -> 2157840000 | N46: - Perbaikan | P46: per Tahun | R46: - XL | T46: 50000000 | BA46: 39 | BB46: N/A | BC46: 270000 | BD46: 300000 | BE46: 180000 | BF46: 270000 | BK46: S
C47: 2 | D47: ISAT | E47: =AS20 -> 335664000 | F47: =AT20 -> 335664000 | G47: =AU20 -> 335664000 | H47: =AV20 -> 335664000 | I47: =AW20 -> 335664000 | J47: =AX20 -> 335664000 | K47: =SUM(E47:J47) -> 2013984000 | N47: - Tes Jangkauan | P47: per Tahun | R47: - HCPT | T47: 60000000 | BA47: 40 | BB47: 260000 | BC47: 216000 | BD47: 240000 | BE47: 180000 | BF47: 216000 | BK47: S
C48: 3 | D48: XL | E48: =AS21 -> 0 | F48: =AT21 -> 372960000 | G48: =AU21 -> 372960000 | H48: =AV21 -> 372960000 | I48: =AW21 -> 372960000 | J48: =AX21 -> 372960000 | K48: =SUM(E48:J48) -> 1864800000 | M48: 0.1 | N48: - lain-lain | O48: =SUM(O45:O47)*M48 -> 1750000 | P48: per Tahun | R48: - FM | BA48: 41 | BB48: 260000 | BC48: 216000 | BD48: 240000 | BE48: 180000 | BF48: 216000 | BK48: S
C49: 4 | D49: HCPT | E49: =AS22 -> 0 | F49: =AT22 -> 0 | G49: =AU22 -> 0 | H49: =AV22 -> 0 | I49: =AW22 -> 0 | J49: =AX22 -> 0 | K49: =SUM(E49:J49) -> 0 | R49: - SMARTFREN | BA49: 42 | BB49: 260000 | BC49: 216000 | BD49: 240000 | BE49: 180000 | BF49: 216000 | BK49: S
C50: 5 | D50: FM | E50: =AS23 -> 0 | F50: =AT23 -> 0 | G50: =AU23 -> 0 | H50: =AV23 -> 0 | I50: =AW23 -> 0 | J50: =AX23 -> 0 | K50: =SUM(E50:J50) -> 0 | R50: - AXIS | BA50: 43 | BB50: 260000 | BC50: 216000 | BD50: 240000 | BE50: 180000 | BF50: 216000 | BK50: S
C51: 6 | D51: SMARTFREN | E51: =AS24 -> 0 | F51: =AT24 -> 0 | G51: =AU24 -> 0 | H51: =AV24 -> 0 | I51: =AW24 -> 0 | J51: =AX24 -> 0 | K51: =SUM(E51:J51) -> 0 | R51: - FLEXI | BA51: 44 | BB51: 260000 | BC51: 216000 | BD51: 240000 | BE51: 180000 | BF51: 216000 | BK51: S
C52: 7 | D52: AXIS | E52: =AS25 -> 0 | F52: =AT25 -> 0 | G52: =AU25 -> 0 | H52: =AV25 -> 0 | I52: =AW25 -> 0 | J52: =AX25 -> 0 | K52: =SUM(E52:J52) -> 0 | R52: - ESIA | BA52: 45 | BB52: 260000 | BC52: 216000 | BD52: 240000 | BE52: 180000 | BF52: 216000 | BK52: S
C53: 8 | D53: FLEXI | E53: =AS26 -> 0 | F53: =AT26 -> 0 | G53: =AU26 -> 0 | H53: =AV26 -> 0 | I53: =AW26 -> 0 | J53: =AX26 -> 0 | K53: =SUM(E53:J53) -> 0 | BA53: 46 | BB53: 260000 | BC53: 216000 | BD53: 240000 | BE53: 180000 | BF53: 216000 | BK53: S
C54: 9 | D54: ESIA | E54: =AS27 -> 0 | F54: =AT27 -> 0 | G54: =AU27 -> 0 | H54: =AV27 -> 0 | I54: =AW27 -> 0 | J54: =AX27 -> 0 | K54: =SUM(E54:J54) -> 0 | BA54: 47 | BB54: 260000 | BC54: 216000 | BD54: 240000 | BE54: 180000 | BF54: 216000 | BK54: S
K55: =SUM(K46:K54) -> 6036624000 | BA55: 48 | BB55: 260000 | BC55: 216000 | BD55: 240000 | BE55: 180000 | BF55: 216000 | BK55: S
B56: Kas keluar | M56: Asumsi pembayaran | BA56: 49 | BB56: 260000 | BC56: 216000 | BD56: 240000 | BE56: 180000 | BF56: 216000 | BK56: S
C57: No | D57: Operator | E57: =E45 -> 2014 | F57: =E57+1 -> 2015 | G57: =F57+1 -> 2016 | H57: =G57+1 -> 2017 | I57: =H57+1 -> 2018 | J57: =I57+1 -> 2019 | K57: TOTAL | M57: No | N57: Operator | O57: =E57 -> 2014 | P57: =O57+1 -> 2015 | Q57: =P57+1 -> 2016 | R57: =Q57+1 -> 2017 | S57: =R57+1 -> 2018 | T57: =S57+1 -> 2019 | BA57: 50 | BB57: 260000 | BC57: 216000 | BD57: 240000 | BE57: 180000 | BF57: 216000 | BK57: S
C58: 1 | D58: SEWA | E58: =O58*($S$35*$M$8) -> #REF! | F58: =P58*($S$35*$M$8) -> #REF! | G58: =Q58*($S$35*$M$8) -> #REF! | H58: =R58*($S$35*$M$8) -> #REF! | I58: =S58*($S$35*$M$8) -> #REF! | J58: =T58*($S$35*$M$8)+S35 -> #REF! | K58: =SUM(E58:J58) -> #REF! | L58: =SUM(O58:T58) -> 1 | M58: 1 | N58: =D58 -> SEWA | O58: 0.5 | P58: 0.5 | U58: =IF(L58=1,0,"Salah") -> 0 | BA58: 51 | BB58: 260000 | BC58: 216000 | BD58: 240000 | BE58: 180000 | BF58: 216000 | BK58: S
C59: 2 | D59: Koordinasi | E59: =O59*$S$36 -> 50000000 | F59: =P59*$S$36 -> 0 | G59: =Q59*$S$36 -> 0 | H59: =R59*$S$36 -> 0 | I59: =S59*$S$36 -> 0 | J59: =T59*$S$36 -> 0 | K59: =SUM(E59:J59) -> 50000000 | L59: =SUM(O59:T59) -> 1 | M59: 2 | N59: =D59 -> Koordinasi | O59: 1 | U59: =IF(L59=1,0,"Salah") -> 0 | BA59: 52 | BB59: 260000 | BC59: 216000 | BD59: 240000 | BE59: 180000 | BF59: 216000 | BK59: S
C60: 3 | D60: Agensi | E60: =O60*$S$37 -> 0 | F60: =P60*$S$37 -> 0 | G60: =Q60*$S$37 -> 0 | H60: =R60*$S$37 -> 0 | I60: =S60*$S$37 -> 0 | J60: =T60*$S$37 -> 0 | K60: =SUM(E60:J60) -> 0 | L60: =SUM(O60:T60) -> 1 | M60: 3 | N60: =D60 -> Agensi | O60: 1 | U60: =IF(L60=1,0,"Salah") -> 0 | BA60: 53 | BB60: 260000 | BC60: 216000 | BD60: 240000 | BE60: 180000 | BF60: 216000 | BK60: S
C61: 4 | D61: DAS | E61: =O61*($S$40) -> 665000000 | F61: =P61*($S$40) -> 35000000 | G61: =Q61*($S$40) -> 0 | H61: =R61*($S$40) -> 0 | I61: =S61*($S$40) -> 0 | J61: =T61*($S$40) -> 0 | K61: =SUM(E61:J61) -> 700000000 | L61: =SUM(O61:T61) -> 1 | M61: 4 | N61: =D61 -> DAS | O61: 0.95 | P61: 0.05 | U61: =IF(L61=1,0,"Salah") -> 0 | BA61: 54 | BB61: 260000 | BC61: 216000 | BD61: 240000 | BE61: 180000 | BF61: 216000 | BK61: S
C62: 5 | D62: BTS | E62: =(O62*(E33*($S$44+$T$44)))+(O62*(E34*($S$45+$T$45)))+(O62*(E35*($S$46+$T$46)))+(O62*(E36*($S$47+$T$47)))+(O62*(E37*($S$48+$T$48)))+(O62*(E38*($S$49+$T$49)))+(O62*(E39*($S$50+$T$50)))+(O62*(E40*($S$51+$T$51)))+(O62*(E41*($S$52+$T$52))) -> 135000000 | F62: =(P62*(F33*($S$44+$T$44)))+(P62*(F34*($S$45+$T$45)))+(P62*(F35*($S$46+$T$46)))+(P62*(F36*($S$47+$T$47)))+(P62*(F37*($S$48+$T$48)))+(P62*(F38*($S$49+$T$49)))+(P62*(F39*($S$50+$T$50)))+(P62*(F40*($S$51+$T$51)))+(P62*(F41*($S$52+$T$52))) -> 50000000 | G62: =(Q62*(G33*($S$44+$T$44)))+(Q62*(G34*($S$45+$T$45)))+(Q62*(G35*($S$46+$T$46)))+(Q62*(G36*($S$47+$T$47)))+(Q62*(G37*($S$48+$T$48)))+(Q62*(G38*($S$49+$T$49)))+(Q62*(G39*($S$50+$T$50)))+(Q62*(G40*($S$51+$T$51)))+(Q62*(G41*($S$52+$T$52))) -> 0 | H62: =(R62*(H33*($S$44+$T$44)))+(R62*(H34*($S$45+$T$45)))+(R62*(H35*($S$46+$T$46)))+(R62*(H36*($S$47+$T$47)))+(R62*(H37*($S$48+$T$48)))+(R62*(H38*($S$49+$T$49)))+(R62*(H39*($S$50+$T$50)))+(R62*(H40*($S$51+$T$51)))+(R62*(H41*($S$52+$T$52))) -> 0 | I62: =(S62*(I33*($S$44+$T$44)))+(S62*(I34*($S$45+$T$45)))+(S62*(I35*($S$46+$T$46)))+(S62*(I36*($S$47+$T$47)))+(S62*(I37*($S$48+$T$48)))+(S62*(I38*($S$49+$T$49)))+(S62*(I39*($S$50+$T$50)))+(S62*(I40*($S$51+$T$51)))+(S62*(I41*($S$52+$T$52))) -> 0 | J62: =(T62*(J33*($S$44+$T$44)))+(T62*(J34*($S$45+$T$45)))+(T62*(J35*($S$46+$T$46)))+(T62*(J36*($S$47+$T$47)))+(T62*(J37*($S$48+$T$48)))+(T62*(J38*($S$49+$T$49)))+(T62*(J39*($S$50+$T$50)))+(T62*(J40*($S$51+$T$51)))+(T62*(J41*($S$52+$T$52))) -> 0 | K62: =SUM(E62:J62) -> 185000000 | L62: =SUM(O62:T62) -> 6 | M62: 5 | N62: =D62 -> BTS | O62: 1 | P62: 1 | Q62: 1 | R62: 1 | S62: 1 | T62: 1 | U62: =IF(L62=6,0,"Salah") -> 0 | BA62: 55 | BB62: 260000 | BC62: 216000 | BD62: 240000 | BE62: 180000 | BF62: 216000 | BK62: S
C63: 6 | D63: Listrik | E63: =(O63*E$33*$O$34)+(O63*E$34*$O$35)+(O63*E$35*$O$36)+(O63*E$36*$O$37)+(O63*E$37*$O$38)+(O63*E$38*$O$39)+(O63*E$39*$O$40)+(O63*E$40*$O$41)+(O63*E$41*$O$42) -> 60000000 | F63: =(P63*F$33*$O$34)+(P63*F$34*$O$35)+(P63*F$35*$O$36)+(P63*F$36*$O$37)+(P63*F$37*$O$38)+(P63*F$38*$O$39)+(P63*F$39*$O$40)+(P63*F$40*$O$41)+(P63*F$41*$O$42)+E63 -> 90000000 | G63: =(Q63*G$33*$O$34)+(Q63*G$34*$O$35)+(Q63*G$35*$O$36)+(Q63*G$36*$O$37)+(Q63*G$37*$O$38)+(Q63*G$38*$O$39)+(Q63*G$39*$O$40)+(Q63*G$40*$O$41)+(Q63*G$41*$O$42)+F63 -> 90000000 | H63: =(R63*H$33*$O$34)+(R63*H$34*$O$35)+(R63*H$35*$O$36)+(R63*H$36*$O$37)+(R63*H$37*$O$38)+(R63*H$38*$O$39)+(R63*H$39*$O$40)+(R63*H$40*$O$41)+(R63*H$41*$O$42)+G63 -> 90000000 | I63: =(S63*I$33*$O$34)+(S63*I$34*$O$35)+(S63*I$35*$O$36)+(S63*I$36*$O$37)+(S63*I$37*$O$38)+(S63*I$38*$O$39)+(S63*I$39*$O$40)+(S63*I$40*$O$41)+(S63*I$41*$O$42)+H63 -> 90000000 | J63: =(T63*J$33*$O$34)+(T63*J$34*$O$35)+(T63*J$35*$O$36)+(T63*J$36*$O$37)+(T63*J$37*$O$38)+(T63*J$38*$O$39)+(T63*J$39*$O$40)+(T63*J$40*$O$41)+(T63*J$41*$O$42)+I63 -> 90000000 | K63: =SUM(E63:J63) -> 510000000 | L63: =SUM(O63:T63) -> 6 | M63: 6 | N63: =D63 -> Listrik | O63: 1 | P63: 1 | Q63: 1 | R63: 1 | S63: 1 | T63: 1 | U63: =IF(L63=6,0,"Salah") -> 0 | BA63: 56 | BB63: 260000 | BC63: 216000 | BD63: 240000 | BE63: 180000 | BF63: 216000 | BK63: S
C64: 7 | D64: Pemeliharaan | E64: =O64*($O$45+$O$46+$O$47) -> 17500000 | F64: =P64*($O$45+$O$46+$O$47) -> 17500000 | G64: =Q64*($O$45+$O$46+$O$47) -> 17500000 | H64: =R64*($O$45+$O$46+$O$47) -> 17500000 | I64: =S64*($O$45+$O$46+$O$47) -> 17500000 | J64: =T64*($O$45+$O$46+$O$47) -> 17500000 | K64: =SUM(E64:J64) -> 105000000 | L64: =SUM(O64:T64) -> 6 | M64: 7 | N64: =D64 -> Pemeliharaan | O64: 1 | P64: 1 | Q64: 1 | R64: 1 | S64: 1 | T64: 1 | U64: =IF(L64=6,0,"Salah") -> 0 | BA64: 57 | BB64: 260000 | BC64: 216000 | BD64: 240000 | BE64: 180000 | BF64: 216000 | BK64: S
C65: 8 | D65: Lain-lain Opex | E65: =O65*$O$48 -> 1750000 | F65: =P65*$O$48 -> 1750000 | G65: =Q65*$O$48 -> 1750000 | H65: =R65*$O$48 -> 1750000 | I65: =S65*$O$48 -> 1750000 | J65: =T65*$O$48 -> 1750000 | K65: =SUM(E65:J65) -> 10500000 | L65: =SUM(O65:T65) -> 6 | M65: 8 | N65: =D65 -> Lain-lain Opex | O65: 1 | P65: 1 | Q65: 1 | R65: 1 | S65: 1 | T65: 1 | U65: =IF(L65=6,0,"Salah") -> 0 | BA65: 58 | BB65: 260000 | BC65: 216000 | BD65: 240000 | BE65: 180000 | BF65: 216000 | BK65: S
K66: =SUM(K58:K65) -> #REF! | BA66: 59 | BB66: 260000 | BC66: 216000 | BD66: 240000 | BE66: 180000 | BF66: 216000 | BK66: S
C67: Kas Bersih | E67: =E73 -> #REF! | F67: =F73+E67 -> #REF! | G67: =G73+F67 -> #REF! | H67: =H73+G67 -> #REF! | I67: =I73+H67 -> #REF! | J67: =J73+I67 -> #REF! | BA67: 60 | BB67: 260000 | BC67: 216000 | BD67: 240000 | BE67: 180000 | BF67: 216000 | BK67: S
C68: No | D68: Operator | E68: =E57 -> 2014 | F68: =E68+1 -> 2015 | G68: =F68+1 -> 2016 | H68: =G68+1 -> 2017 | I68: =H68+1 -> 2018 | J68: =I68+1 -> 2019 | K68: TOTAL | M68: =IF(N68<20%,"IRR.","IRR :") -> #VALUE! | N68: =IRR(E73:J73,F16) -> #VALUE! | Q68: NFC | R68: =SUM(E73:J73) -> #REF! | BA68: 61 | BB68: 210000 | BC68: 216000 | BD68: 240000 | BE68: 180000 | BF68: 216000 | BK68: S
C69: 1 | D69: Kas Masuk | E69: =SUM(E46:E54) -> 695304000 | F69: =SUM(F46:F54) -> 1068264000 | G69: =SUM(G46:G54) -> 1068264000 | H69: =SUM(H46:H54) -> 1068264000 | I69: =SUM(I46:I54) -> 1068264000 | J69: =SUM(J46:J54) -> 1068264000 | K69: =SUM(E69:J69) -> 6036624000 | BA69: 62 | BB69: 210000 | BC69: 216000 | BD69: 240000 | BE69: 180000 | BF69: 216000 | BK69: S
C70: 2 | D70: Kas Keluar | E70: =SUM(E58:E65) -> #REF! | F70: =SUM(F58:F65) -> #REF! | G70: =SUM(G58:G65) -> #REF! | H70: =SUM(H58:H65) -> #REF! | I70: =SUM(I58:I65) -> #REF! | J70: =SUM(J58:J65) -> #REF! | K70: =SUM(E70:J70) -> #REF! | BA70: 63 | BB70: 210000 | BC70: 216000 | BD70: 240000 | BE70: 180000 | BF70: 216000 | BK70: S
D71: Kas Bersih | E71: =E69-E70 -> #REF! | F71: =F69-F70 -> #REF! | G71: =G69-G70 -> #REF! | H71: =H69-H70 -> #REF! | I71: =I69-I70 -> #REF! | J71: =J69-J70 -> #REF! | K71: =SUM(E71:J71) -> #REF! | BA71: 64 | BB71: 210000 | BC71: 216000 | BD71: 240000 | BE71: 180000 | BF71: 216000 | BK71: S
D72: Biaya Bunga | E72: =IF(E71<1,E71*$F$16,0) -> #REF! | F72: =IF(F71<1,((F71*$F$16)+E72),0) -> #REF! | G72: =IF(G71<1,((G71*$F$16)+F72),0) -> #REF! | H72: =IF(H71<1,((H71*$F$16)+G72),0) -> #REF! | I72: =IF(I71<1,((I71*$F$16)+H72),0) -> #REF! | J72: =IF(J71<1,((J71*$F$16)+I72),0) -> #REF! | K72: =SUM(E72:J72) -> #REF! | BA72: 65 | BB72: 210000 | BC72: 216000 | BD72: 240000 | BE72: 180000 | BF72: 216000 | BK72: S
D73: Jumlah | E73: =E71+E72 -> #REF! | F73: =F71+F72 -> #REF! | G73: =G71+G72 -> #REF! | H73: =H71+H72 -> #REF! | I73: =I71+I72 -> #REF! | J73: =J71+J72 -> #REF! | K73: =SUM(K71:K72) -> #REF! | BA73: 66 | BB73: 210000 | BC73: 216000 | BD73: 240000 | BE73: 180000 | BF73: 216000 | BK73: S
E74: =E67>=0 -> #REF! | F74: =F67>=0 -> #REF! | G74: =G67>=0 -> #REF! | H74: =H67>=0 -> #REF! | I74: =I67>=0 -> #REF! | J74: =J67>=0 -> #REF! | BA74: 67 | BB74: 210000 | BC74: 216000 | BD74: 240000 | BE74: 180000 | BF74: 216000 | BK74: S
BA75: 68 | BB75: 210000 | BC75: 216000 | BD75: 240000 | BE75: 180000 | BF75: 216000 | BK75: S
BA76: 69 | BB76: 210000 | BC76: 216000 | BD76: 240000 | BE76: 180000 | BF76: 216000 | BK76: S
BA77: 70 | BB77: 210000 | BC77: 180000 | BD77: 200000 | BE77: 180000 | BF77: 180000 | BK77: S
BA78: 71 | BB78: 210000 | BC78: 180000 | BD78: 200000 | BE78: 180000 | BF78: 180000 | BK78: S
BA79: 72 | BB79: 210000 | BC79: 180000 | BD79: 200000 | BE79: 180000 | BF79: 180000 | BK79: S
BA80: 73 | BB80: 210000 | BC80: 180000 | BD80: 200000 | BE80: 180000 | BF80: 180000 | BK80: S
BA81: 74 | BB81: 210000 | BC81: 180000 | BD81: 200000 | BE81: 180000 | BF81: 180000 | BK81: S
BA82: 75 | BB82: 210000 | BC82: 180000 | BD82: 200000 | BE82: 180000 | BF82: 180000 | BK82: S
BA83: 76 | BB83: 210000 | BC83: 180000 | BD83: 200000 | BE83: 180000 | BF83: 180000 | BK83: S
BA84: 77 | BB84: 210000 | BC84: 180000 | BD84: 200000 | BE84: 180000 | BF84: 180000 | BK84: S
BA85: 78 | BB85: 210000 | BC85: 180000 | BD85: 200000 | BE85: 180000 | BF85: 180000 | BK85: S
BA86: 79 | BB86: 210000 | BC86: 180000 | BD86: 200000 | BE86: 180000 | BF86: 180000 | BK86: S
... BA757: 750 | BB757: 135000 | BC757: 99000 | BD757: 110000 | BE757: 85000 | BF757: 99000 | BK757: L
BA759: bulk price | BB759: N/A | BC759: N/A | BD759: N/A | BE759: 160000 | BF759: 250000

Sheet CApex
Q2: 2015 | R2: 2016 | S2: 2017 | T2: 2018 | U2: 2019 | V2: 2020 | W2: 2021
P3: DAS | Q3: =O4+O8 -> 1.1914505e+08 | S3: =O5+O6+O9+O10 -> 3.5440269e+08 | T3: =N17+N18 -> 0 | U3: =N19 -> 0 | W3: =O7+O11 -> 52813466 | X3: =SUM(Q3:W3) -> 5.263612e+08
B4: Best Western OJ Malang | C4: DAS & CME | D4: SGI | E4: 3600000387 | F4: 28139.63 | I4: 0.2 | J4: 42076 | K4: STR0211 | M4: 12998 | N4: 5627.93 | O4: 73151834
B5: Best Western OJ Malang | C5: DAS & CME | D5: SGI | E5: 3600000387 | F5: 22396.75 | G5: 22396.75 | I5: 0.5 | J5: 42857 | K5: ST0393 | M5: 13313 | N5: 10049.79 | O5: 1.3379285e+08
B6: Best Western OJ Malang | C6: DAS & CME | D6: SGI | E6: 3600000387 | F6: 22396.75 | I6: 0.2 | J6: 43009 | K6: STI486 | N6: =F6*I6 -> 4479.35 | O6: 59633587
B7: Best Western OJ Malang | C7: DAS & CME | D7: SGI | E7: 3600000387 | F7: 22396.75 | I7: 0.1 | N7: =F5-N4-N5-N6 -> 2239.68 | O7: 29816860
B8: Best Western OJ Malang | C8: DAS & CME | D8: SGI | E8: 3600000386 | F8: 229966065 | H8: =F8 -> 229966065 | I8: 0.2 | J8: 42076 | K8: STR0212 | O8: 45993213
B9: Best Western OJ Malang | C9: DAS & CME | D9: SGI | E9: 3600000386 | F9: 229966065 | I9: 0.5 | J9: 42826 | K9: ST0394 | O9: 114983033
B10: Best Western OJ Malang | C10: DAS & CME | D10: SGI | E10: 3600000386 | F10: 229966065 | I10: 0.2 | J10: 43009 | K10: STI485 | O10: 45993213
B11: Best Western OJ Malang | C11: DAS & CME | D11: SGI | E11: 3600000386 | F11: 229966065 | I11: 0.1 | O11: 22996606
B12: Best Western OJ Malang | C12: DAS & CME | D12: SGI | F12: =254105291-F8 -> 24139226
B13: Best Western OJ Malang | C13: Add. Das | D13: Celebes | E13: 3600001129 | F13: 275000000 | H13: 275000000 | I13: 1 | J13: 42614 | K13: 260/CK/NV/IX/2016 | O13: 275000000
B14: Best Western OJ Malang
B15: Best Western OJ Malang
B16: Best Western OJ Malang

Sheet Analisa
A2: SITE BWOJ 101 MALANG
A3: Periode | B3: Start | C3: End
A4: Rev XL | B4: 45444 | C4: 46538
A5: Sewa BM | B5: 45444 | C5: 45807
B7: Start | C7: End | D7: Days
A8: Worse >> Jika XL sesuai periodenyaBM, maka:
A9: Rev XL | B9: 45444 | C9: 45807 | D9: =C9-B9 -> 363 | E9: 150000000 | F9: =E9/365*D9 -> 1.4917808e+08
A10: Sewa BM | B10: 45444 | C10: 45807 | D10: =C10-B10 -> 363 | E10: 30000000 | F10: =-E10/365*D10 -> -29835616
A11: OM | B11: 45444 | C11: 45807 | D11: =C11-B11 -> 363 | E11: 15000000 | F11: =-E11/365*D11 -> -14917808
A12: Antisipasi Add Capex and Pole | E12: 100000000
A13: Profit | F13: =SUM(F9:F12) -> 1.0442466e+08
A15: Conservative >> Jika Sewa BM diperpanjang sampai akhir masa XL, maka:
A16: Rev XL | B16: 45444 | C16: 46538 | D16: =C16-B16 -> 1094 | E16: 150000000 | F16: =E16/365*D16 -> 4.4958904e+08
A17: Sewa BM | B17: 45444 | C17: 46538 | D17: =C17-B17 -> 1094 | E17: 30000000 | F17: =-E17/365*D17 -> -89917808
A18: OM | B18: 45444 | C18: 46538 | D18: =C18-B18 -> 1094 | E18: 15000000 | F18: =-E18/365*D18 -> -44958904
A19: Antisipasi Add Capex and Pole | E19: 100000000
A20: Profit | F20: =SUM(F16:F19) -> 3.1471233e+08
